 Dungeon Crawl Stone Soup version 0.29-a0-925-g0a7a3d12f8 (webtiles) character file.

Game seed: 10039623741140669267

50 Newt the Shooter (level 3, -5/18 HPs)
             Began as a Spriggan Hunter on July 29, 2022.
             Killed from afar by a white imp (10 damage)
             ... with a puff of frost
             ... summoned by Natasha
             ... on level 2 of the Dungeon.
             The game lasted 00:02:47 (709 turns).

Newt the Shooter (Spriggan Hunter)                   Turns: 709, Time: 00:02:48

Health: -5/18      AC:  2    Str:  7    XL:     3   Next: 55%
Magic:  4/4        EV: 18    Int: 10    God:
Gold:   103        SH:  0    Dex: 20    Spells: 2/2 levels left

rFire   . . .      SeeInvis +   a - +0 shortbow
rCold   . . .      Faith    .   (shield currently unavailable)
rNeg    . . .      Spirit   .   c - +0 robe
rPois   .          Reflect  .   (helmet restricted)
rElec   .          Harm     .   (no cloak)
rCorr   .          Rampage  .   (gloves unavailable)
Will    .....                   (boots unavailable)
Stlth   ++........              (no amulet)
HPRegen 0.06/turn               (no ring)
MPRegen 0.09/turn               (no ring)

@: slowed, quick
A: very small, no large weapons, unfitting armour, see invisible, speed 3
a: no special abilities


You were on level 2 of the Dungeon.
You visited 1 branch of the dungeon, and saw 2 of its levels.

You collected 103 gold pieces.

Inventory:

Hand Weapons
 a - a +0 shortbow (weapon)
Armour
 c - a +0 robe (worn)
Scrolls
 b - 2 scrolls of immolation
 d - 2 scrolls of identify {unknown}
Potions
 e - a potion of might {unknown}


   Skills:
 + Level 1.8 Fighting
 + Level 5.1 Ranged Weapons
 + Level 2.9 Dodging
 + Level 1.5 Stealth


You had 2 spell levels left.
You didn't know any spells.
Your spell library contained the following spells:

 Spells                   Type           Power      Damage    Failure   Level
 Sandblast                Erth           0%         2d4       36%         1
 Passwall                 Tmut/Erth      0%         N/A       50%         2
 Stone Arrow              Conj/Erth      0%         3d7       75%         3


Dungeon Overview and Level Annotations

Branches:
Dungeon (2/15)

Altars:

Annotations:
D:2 Natasha


Innate Abilities, Weirdness & Mutations

You are very small and have problems with some larger weapons.
You are too small for most types of armour.
You have supernaturally acute eyesight. (SInv)
You cover ground extremely quickly. (Speed+++)


Message History

The adder completely misses you.
You shoot an arrow. The arrow closely misses the adder.
You shoot an arrow. The arrow hits the adder!
You kill the adder!
You see here a ball python corpse.
You shoot an arrow. The arrow hits Natasha!
Natasha is severely wounded.
Natasha claws you.
You shoot an arrow. The arrow closely misses Natasha.
Natasha casts a spell at you. The magic dart hits you!
* * * LOW HITPOINT WARNING * * *
Natasha mumbles some strange words.
Natasha stares at you and mumbles some strange words.
You feel yourself slow down.
You are too injured to fight recklessly!
You are too injured to fight recklessly!
Natasha casts a spell.
You are too injured to fight recklessly!
Fire: a) +0 shortbow
Press: ? - help, Q - select action Shift-Dir - straight line, f/p - Natasha
Aim: Natasha (severely wounded, 58% to hit)
You shoot an arrow. The arrow barely misses Natasha.
The crimson imp blinks!
Natasha casts a spell.
Fire: a) +0 shortbow
Press: ? - help, Q - select action Shift-Dir - straight line, f/p - Natasha
Aim: Natasha (severely wounded, 58% to hit)
You shoot an arrow. The arrow completely misses Natasha.
The arrow hits the goblin.
The goblin is moderately wounded.
Fire: a) +0 shortbow
Press: ? - help, Q - select action Shift-Dir - straight line, f/p - Natasha
Aim: Natasha (severely wounded, 58% to hit)
You shoot an arrow. The arrow hits the white imp.
The white imp is heavily wounded.
The white imp gestures at you. The puff of frost hits you!
Ouch! That really hurt!
You die...

#####.#.###.....
#....# #####.
#.#..# ## ##.#..#
##..#..#
#.#######......##
...................
######.#...###.###
#@.#.### ... #.##.#
.. #5##.# # #h##.#
#.#..# #g5.## #..##
#.## #†#


You could see Natasha, a white imp (summoned), a shadow imp (summoned) and a
goblin.

Vanquished Creatures
  An adder (D:2)
  2 dart slugs
  An orc (D:2)
  2 ball pythons
  5 bats
  2 endoplasms (D:1)
  3 giant cockroaches (D:1)
  A goblin (D:1)
  3 hobgoblins (D:1)
  4 jackals (D:1)
  2 kobolds
  2 frilled lizards
  4 rats
32 creatures vanquished.

Notes
Turn   | Place    | Note
-------+----------+-------------------------------------------
     0 | D:1      | Newt the Spriggan Hunter began the quest for the Orb.
     0 | D:1      | Reached XP level 1. HP: 10/10 MP: 2/2
   122 | D:1      | Reached XP level 2. HP: 14/15 MP: 3/3
   390 | D:1      | Reached XP level 3. HP: 18/18 MP: 4/4
   494 | D:1      | Found a faded altar of an unknown god.
   616 | D:2      | Reached skill level 5 in Ranged Weapons
   663 | D:2      | Noticed Natasha
   709 | D:2      | Killed from afar by a white imp

Illustrated notes

Levels and vault maps discovered:
D:1:      roderic_chinese_lattice_arrival, layout_rooms,
          dilly_ecumenical_altar_fadedgnrine
D:2:      layout_rooms, basic_altar, hangedman_decor_clover_reticule,
          minmay_increasing_density, uniq_natasha

Skill      XL: |  1  2  3 |
---------------+----------+-----
Ranged Weapons | 5 |  5.1
Fighting       | |  1.8
Dodging        | |  2.9
Stealth        | |  1.5

Action                   || total
-------------------------++-------
 Fire: Shortbow          ||    84
Armor: Robe              ||     5
Dodge: Dodged            ||    52

Table legend: (Time is in decaauts)
 A = Elapsed time spent in this place.
 B = Non-inter-level travel time spent in this place.
 C = Inter-level travel time spent in this place.
 D = Time resting spent in this place.
 E = Time spent auto-exploring this place.
 F = Levels seen in this place.
 G = Mean time per level.
                   A        B        C        D        E       F      G
               +--------+--------+--------+--------+--------+-----+--------+
         Total |    508 |    507 |      1 |      0 |    350 |   2 |  254.0 |
       Dungeon |    508 |    507 |      1 |      0 |    350 |   2 |  254.0 |
               +--------+--------+--------+--------+--------+-----+--------+

Top non-repeatable levels by time:
     D:1: 385 daAuts
     D:2: 122 daAuts
